 Dungeon Crawl Stone Soup version 0.30.1-11-g7821555f0a (webtiles) character file.

Game seed: 14614728578912198680

142 Ivernyr the Shield-Bearer (level 5, -1/42 HPs)
             Began as a Formicid Fighter on Dec 11, 2023.
             Slain by an orc
             ... wielding a +0 flail
              (3 damage)
             ... on level 2 of the Dungeon.
             The game lasted 00:04:58 (1706 turns).

Ivernyr the Shield-Bearer (Formicid Fighter)        Turns: 1706, Time: 00:04:58

Health: -1/42      AC:  9    Str: 23    XL:     5   Next: 50%
Magic:  5/5        EV:  9    Int:  7    God:
Gold:   88         SH:  5    Dex: 13    Spells: 4/4 levels left

rFire   . . .        a - +0 quarterstaff
rCold   . . .        c - +0 buckler
rNeg    + . .        b - +0 scale mail
rPois   .            (helmet unavailable)
rElec   .            f - +0 cloak
rCorr   .            (no gloves)
SInv    +            r - +0 pair of boots
Will    .....        (no amulet) Stlth
                     e - ring of positive energy
HPRegen 0.27/turn    (no ring)
MPRegen 0.09/turn

%: no passive effects
@: no status effects
A: permanent stasis, dig shafts and tunnels, antennae 3, four strong arms
a: Dig, Shaft Self


You were on level 2 of the Dungeon.
You visited 1 branch of the dungeon, and saw 2 of its levels.

You collected 88 gold pieces.

Inventory:

Hand Weapons
 a - a +0 quarterstaff (weapon)
Armour
 b - a +0 scale mail (worn)
 c - a +0 buckler (worn)
 f - a +0 cloak (worn)
 r - a +0 pair of boots (worn)
Jewellery
 e - a ring of positive energy (left hand)
Scrolls
 g - a scroll of enchant weapon {unknown}
 h - a scroll of identify {unknown}
 i - 2 scrolls of enchant armour {unknown}
 l - 2 scrolls of noise {unknown}
 m - a scroll of teleportation {unknown}
 s - a scroll of magic mapping {unknown}
 t - a scroll of amnesia {unknown}
Potions
 d - 2 potions of might
 j - a potion of haste {unknown}
 k - 2 potions of curing {unknown}
 n - a potion of berserk rage {unknown}
 o - 2 potions of ambrosia {unknown}
 p - a potion of attraction {unknown}
 q - a potion of cancellation {unknown}


   Skills:
 + Level 4.0 Fighting
 * Level 3.6 Staves
 + Level 4.1 Armour
 + Level 4.9 Shields


You had 4 spell levels left.
You didn't know any spells.
Your spell library was empty.

Dungeon Overview and Level Annotations

Branches:
Dungeon (2/15)

Altars:


Innate Abilities, Weirdness & Mutations

You cannot be hasted, slowed, berserked, paralysed or teleported.
You can dig through walls and to a lower floor.
You have a pair of large antennae on your head. (SInv)
Your four strong arms can wield two-handed weapons with a shield.


Message History

The orc wizard is almost dead.
The orc wizard hits you but does no damage.
The orc hits you with a +0 flail!
You bump into the rock wall.
The orc wizard casts a spell at you. The puff of flame hits you.
The orc hits you with a +0 flail.
Unknown command.
You bump into the rock wall.
The orc wizard casts a spell at you. You resist with some effort.
The orc hits you but does no damage.
Unknown command.
You barely miss the orc wizard.
The orc wizard is almost dead.
The orc wizard hits you with a +0 dagger.
* * * LOW HITPOINT WARNING * * *
The orc hits you with a +0 flail.
* * * LOW HITPOINT WARNING * * *
Unknown command.
You barely miss the orc.
The orc is heavily wounded.
You feel less confused. The orc wizard barely misses you.
The orc hits you but does no damage.
Unknown command.
You hit the orc wizard.
You kill the orc wizard!
You closely miss the orc. The orc hits you with a +0 flail.
* * * LOW HITPOINT WARNING * * *
The orc completely misses you.
You hit the orc but do no damage. The orc hits you with a +0 flail.
* * * LOW HITPOINT WARNING * * *
The orc hits you with a +0 flail.
* * * LOW HITPOINT WARNING * * *
The orc hits you but does no damage. x2
You barely miss the orc.
The orc is heavily wounded.
You block the orc's attack. The orc closely misses you.
You hit the orc.
The orc is almost dead.
The orc hits you with a +0 flail.
You die...

#.# #....##.....##########.##
#.######....######..#########.#
#......'....+................)##
########....########....#######.
#...##....# ####.## #.
####...##....# #..### #.
...'...####### ##...# #.
####...# ######## ###.####.
#...# #@o.)).# #....'. ###.#
#o####.# ######. ######.#
#.#<...# ##. .......#
#.####....# #..
###...##########.# ......... #..
#..............# #..o..{.#. #..
#....####...#### #.......# #..
#.†..# #...# #......o# #..
#....# #...# #.......# #..


You could see 2 orcs.

Vanquished Creatures
  An orc priest (D:2)
  An orc wizard (D:2)
  A gnoll (D:1)
  2 worms (D:2)
  10 dart slugs
  2 orcs (D:2)
  2 ball pythons (D:2)
  5 endoplasms
  A giant cockroach (D:2)
  3 goblins (D:1)
  3 hobgoblins (D:1)
  A jackal (D:2)
  A quokka (D:1)
  5 bats
  5 frilled lizards
  7 kobolds
  5 rats
55 creatures vanquished.

Notes
Turn   | Place    | Note
-------+----------+-------------------------------------------
     0 | D:1      | Ivernyr the Formicid Fighter began the quest for the Orb.
     0 | D:1      | Reached XP level 1. HP: 18/18 MP: 1/1
    65 | D:1      | Reached XP level 2. HP: 10/24 MP: 2/2
   145 | D:1      | Found a faded altar of an unknown god.
   301 | D:1      | Reached XP level 3. HP: 29/29 MP: 3/3
   988 | D:2      | Reached XP level 4. HP: 9/37 MP: 4/4
  1670 | D:2      | Reached XP level 5. HP: 36/42 MP: 5/5
  1704 | D:2      | HP: 1/42 [orc/+0 flail (2)]
  1706 | D:2      | Slain by an orc

Illustrated notes

Levels and vault maps discovered:
D:1:      heliophobic_arrival_henge, layout_basic,
          shapermc_ecumenical_altar_mp_urbaneastern, st_stairs_11
D:2:      cheibrodos_pilgrimage, layout_basic, kennysheep_generic_room_7

Skill      XL: |  1  2  3  4 |
---------------+-------------+-----
Staves         | 3 |  3.6
Fighting       | 4 |  4.0
Armour         | 4 |  4.1
Shields        | |  4.9

Action                     |  1- 3 |  4- 6 || total
---------------------------+-------+-------++-------
  Melee: Quarterstaff      |    77 |    85 ||   162
 Armour: Scale mail        |    33 |    59 ||    92
  Dodge: Dodged            |    29 |    47 ||    76
  Block: Buckler           |    19 |    30 ||    49
